 Dungeon Sprint DCSS version 0.31.0-12-g77e489cdc1 (webtiles) character file.

Game seed: 13680672534015079389

44 Heoruswealwe the Poker (level 3, -3/36 HPs)
             Began as a Minotaur Fighter on Mar 4, 2024.
             Slain by an iguana (9 damage)
             ... in the Dungeon (Sprint IX: "|||||||||||||||||||||||||||||").
             The game lasted 00:00:30 (45 turns).

Heoruswealwe the Poker (Minotaur Fighter)             Turns: 45, Time: 00:00:30

Health: -3/36      AC:  7    Str: 22    XL:     3   Next: 41%
Magic:  2/2        EV:  9    Int:  5    God:
Gold:   0          SH:  4    Dex:  9    Spells: 2/2 levels left

rFire   . . .        a - +0 trident
rCold   . . .        d - +0 buckler
rNeg    . . .        c - +0 scale mail
rPois   .            (helmet restricted)
rElec   .            (no cloak)
rCorr   .            (no gloves)
SInv    .            (no boots)
Will    .....        (no amulet) Stlth
                     (no ring)
HPRegen 0.26/turn    (no ring)
MPRegen 0.08/turn

%: no teleportation
@: no status effects
A: horns 2, retaliatory headbutt
a: no special abilities


You were in the Dungeon.
You visited 1 branch

Inventory:

Hand Weapons
 a - a +0 trident (weapon)
Armour
 c - a +0 scale mail (worn)
 d - a +0 buckler (worn)
Scrolls
 j - a scroll of blinking
Potions
 b - a potion of might
 e - a potion of curing
 f - a potion of heal wounds
 g - a potion of haste
 h - 2 potions of magic
 i - a potion of berserk rage


   Skills:
 + Level 5.4 Fighting
 * Level 6.2 Polearms
 + Level 5.4 Armour
 - Level 3.6 Shields


You had 2 spell levels left.
You didn't know any spells.
Your spell library was empty.

Dungeon Overview and Level Annotations

Branches:
Dungeon (1/1)

Altars:


Innate Abilities, Weirdness & Mutations

You have a pair of horns on your head.
You reflexively headbutt those who attack you in melee.


Message History

You block the ufetubus's attack. The ufetubus hits you. x2
* * * LOW HITPOINT WARNING * * *
You block the ufetubus's attack.
Your Polearms skill increases to level 4!
You have reached level 2!
You puncture the ufetubus!
You kill the ufetubus!
You hit the iguana.
The iguana is lightly wounded.
The iguana bites you but does no damage.
You hit the iguana but do no damage.
You headbutt the iguana, but do no damage.
The iguana is lightly wounded.
The iguana barely misses you. You furiously retaliate!
You headbutt the iguana! You barely miss the iguana.
The iguana is severely wounded.
The iguana bites you but does no damage.
You puncture the iguana!
You kill the iguana!
Your Fighting skill increases to level 5!
Your Polearms skill gained 2 levels and is now at level 6!
Your Armour skill increases to level 5!
You have reached level 3!
Your experience leads to an increase in your attributes!
Increase (S)trength, (I)ntelligence, or (D)exterity?
You feel stronger. x2
You puncture the orc!
You kill the orc!
Reach: a) +0 trident
Press: ? - help, Dir - move target, f - iguana
Aim: an iguana (about 37% to evade your +0 trident)
You reach to attack!
You barely miss the iguana. You puncture the iguana!
The iguana is heavily wounded.
The iguana bites you.
* * * LOW HITPOINT WARNING * * *
You hit the iguana but do no damage.
The iguana is heavily wounded.
The iguana bites you!
You die... ▓▓▓▓▓▓▓▓▓▓▓▓▓▓▓▓▓▓ +.....l@...††...<▓ ▓▓▓▓▓▓▓▓▓▓▓▓▓▓▓▓▓▓

You could see an iguana.

Vanquished Creatures
  An iguana (D)
  2 ufetubi (D)
  A dart slug (D)
  An orc (D)
  A ball python (D)
  A bat (D)
  A frilled lizard (D)
  A rat (D)
9 creatures vanquished.

Notes
Turn   | Place    | Note
-------+----------+-------------------------------------------
     0 | D        | Heoruswealwe the Minotaur Fighter began the quest for the
                  | Orb.
     0 | D        | Reached XP level 1. HP: 19/19 MP: 0/0
    10 | D        | Reached skill level 3 in Polearms
    32 | D        | Noticed an iguana
    32 | D        | Noticed an iguana
    37 | D        | Reached skill level 4 in Polearms
    37 | D        | Reached XP level 2. HP: 7/28 MP: 1/1
    42 | D        | Reached skill level 5 in Fighting
    42 | D        | Reached skill level 6 in Polearms
    42 | D        | Reached skill level 5 in Armour
    42 | D        | Reached XP level 3. HP: 11/36 MP: 2/2
    45 | D        | Slain by an iguana

Illustrated notes

Levels and vault maps discovered:
D:        linesprint [early_d, line_temple, items_1, d_10, items_2, lair_1,
          lair_end, items_3, orc_1, orc_end, items_4, d_15, swamp_1, shoals_1,
          snake_1, spider_1, d_20, vaults_1, items_5, swamp_end, shoals_end,
          snake_end, spider_end, vaults_end, d_27, items_6, zot_1, zot_end,
          crypt_end, forest_end, elf_end, slime_end, tomb_end, abyss_end,
          pan_hell_end]

Skill      XL: |  1  2 |
---------------+-------+-----
Polearms       | 4 6 |  6.2
Fighting       | 4 5 |  5.4
Armour         | 4 5 |  5.4
Shields        | |  3.6

Action                     || total
---------------------------++-------
  Melee: Trident           ||    35
         Headbutt          ||     1
 Armour: Scale mail        ||    26
  Dodge: Dodged            ||    19
  Block: Buckler           ||     7
